 Dungeon Crawl Stone Soup version 0.29.0-4-gdea44cf6ec (webtiles) character file.

Game seed: 11492347506518196032

10386 qw the Cleaver (level 11, -6/67 HPs)
             Began as a Tengu Warper on Aug 28, 2022.
             Was an Elder of Okawaru.
             Killed from afar by an oklob plant (16 damage)
             ... with a splash of acid
             ... on level 1 of the Lair of Beasts.
             The game lasted 00:01:17 (11583 turns).

qw the Cleaver (Tengu Warper)                      Turns: 11583, Time: 00:01:17

Health: -6/67      AC:  0    Str: 19    XL:     11   Next: 61%
Magic:  14/16      EV: 18    Int: 13    God:    Okawaru [****..]
Gold:   619        SH:  0    Dex: 14    Spells: 14/14 levels left

rFire   . . .      SeeInvis .   b - +7 war axe "Inyb" {drain, rElec Str+3}
rCold   + . .      Faith    .   (no shield)
rNeg    . . .      Spirit   .   g - +0 chain mail
rPois   .          Reflect  .   (helmet restricted)
rElec   +          Harm     .   (no cloak)
rCorr   .          Rampage  .   (no gloves)
Will    .....                   (boots unavailable)
Stlth   ..........              (no amulet)
HPRegen 0.21/turn               h - ring of protection from cold
MPRegen 0.15/turn               s - +4 ring of evasion

@: about to teleport, heroic, corroded, flying quickly and evasively, quick
A: beak, talons 3, nimble flight
a: Renounce Religion, Heroism, Finesse


You were on level 1 of the Lair of Beasts.
You worshipped Okawaru.
Okawaru was greatly pleased with you.
You visited 3 branches of the dungeon, and saw 11 of its levels.

You collected 619 gold pieces.


Innate Abilities, Weirdness & Mutations

You have a beak for a mouth.
You have claws for feet.
Your magical nature lets you fly swiftly and evasively.


   Skills:
 - Level 7.0(12.0) Fighting
 - Level 14.0(19.0) Axes
 + Level 3.8(8.8) Throwing
 - Level 6.0(11.0) Armour
 - Level 5.0(10.0) Dodging
 - Level 2.0 Spellcasting
 - Level 2.4 Translocations
 + Level 6.6 Invocations


You had 14 spell levels left.
You didn't know any spells.
Your spell library contained the following spells:

 Spells                   Type           Power      Damage    Failure   Level
 Blink                    Tloc           14%        N/A       71%         2
 Gell's Gravitas          Tloc           7%         N/A       91%         3
 Lesser Beckoning         Tloc           7%         N/A       91%         3
 Teleport Other           Tloc           7%         N/A       91%         3
 Manifold Assault         Tloc           7%         N/A       100%        5

Inventory:

Hand Weapons
 b - the +7 war axe "Inyb" (weapon) {drain, rElec Str+3}
   (You found it on level 3 of the Dungeon)

   A truly terrible weapon, it drains the life of any living foe it strikes.
   Str:       It affects your strength (+3).
   rElec:     It insulates you from electricity.
 e - a +2 hand axe of flaming
Missiles
 x - a javelin (quivered)
Armour
 d - a +0 scale mail of fire resistance
 g - a +0 chain mail (worn)
 i - a +0 cloak
Jewellery
 a - a +6 ring of dexterity
 h - a ring of protection from cold (left hand)
 j - a ring of fire
 s - a +4 ring of evasion (right hand)
Scrolls
 p - 2 scrolls of identify
 u - 2 scrolls of enchant armour
Potions
 c - 8 potions of curing
 f - 2 potions of might
 k - a potion of mutation
 l - 3 potions of haste
 m - a potion of resistance
 w - a potion of magic

Dungeon Overview and Level Annotations

Branches:
Dungeon (8/15)             Temple (1/1) D:5            Lair (2/5) D:8
  Swamp: Lair:2-3    Shoals: Lair:2-3     Snake: Lair:2-3    Spider: Lair:2-3

Altars:
Ashenzari
Dithmenos
Elyvilon
Fedhas
Hepliaklqana
Makhleb
Nemelex Xobeh
Okawaru
Ru
Sif Muna
Trog
Uskayaw
Vehumet
Wu Jian
Yredelemnul
Zin
The Shining One


Message History

The oklob plant spits acid at you. The splash of acid hits you!!
The acid corrodes you!
11347 ||| READING 2 scrolls of teleportation.
As you read the scroll of teleportation, it crumbles to dust.
You feel strangely unstable.
11348 ||| DRINKING potion of heal wounds.
You feel much better. The oklob plant spits acid at you.
The splash of acid hits you!!
You hit the oklob plant but do no damage. x2
You completely miss the oklob plant.
You claw the oklob plant, but do no damage.
You hit the oklob plant. You drain the oklob plant.
You hit the oklob plant but do no damage.
You peck the oklob plant, but do no damage.
The oklob plant is lightly damaged.
You hit the oklob plant but do no damage.
You drain the oklob plant.
Your surroundings suddenly seem different.
You start resting.
You feel like a meek peon again.
Your hands slow down.
Magic restored.
You start resting.
You are no longer corroded.
HP restored.
11581 ||| INVOKING Heroism.
You gain the combat prowess of a mighty hero.
The oklob plant spits acid at you. The splash of acid hits you!
The acid corrodes you! The oklob plant spits acid at you.
The splash of acid hits you!! The acid corrodes you!
The oklob plant spits acid at you. The splash of acid hits you!!
The acid corrodes you!
11583 ||| READING scroll of teleportation.
As you read the scroll of teleportation, it crumbles to dust.
You feel strangely unstable. The oklob plant spits acid at you.
The splash of acid hits you!
You die...

##......P# #.......##
##......# #......# ### ##
##......# ##.#
#####P##P......###.########
...................."...#.#
....................)$P(#.#
................@.....P.#.#
....................$...#.#
...................######.#
#######P#......##### #.##
###.......##### #..#
#........##P### #.##
#.......#...#.###.#
##....###.###..##P.#
#.....#.###.##..#..#


You could see 2 oklob plants.

Vanquished Creatures
  A hydra (Lair:1)
  A deep elf zephyrmancer (D:7)
  An oklob plant (Lair:1)
  A black mamba (Lair:1)
  A cane toad (Lair:2)
  9 komodo dragons (Lair:1)
  A polar bear (Lair:1)
  4 blink frogs (Lair:1)
  3 basilisks (Lair:1)
  11 yaks (Lair:2)
  4 water moccasins
  A centaur (D:7)
  A kobold brigand (D:6)
  6 bullfrogs
  4 scorpions
  A necrophage (D:4)
  12 wights
  3 killer bees (D:8)
  9 electric eels (D:8)
  A bullfrog zombie (D:7)
  A centaur zombie (D:7)
  3 hounds
  2 jellies
  3 orc priests
  8 orc wizards
  3 iguanas
  6 adders
  A white imp (D:6)
  A worm (D:4)
  4 dart slugs
  28 orcs
  6 endoplasms
  2 giant cockroaches
  5 hobgoblins
  21 jackals
  5 quokkas
  9 ball pythons
  5 bats
  3 frilled lizards (D:1)
  13 goblins
  13 kobolds
  2 rats (D:1)
219 creatures vanquished.

Vanquished Creatures (others)
  3 orcs (D:8)
  A fungus (Lair:2)
  10 plants
  2 withered plants (D:7)
16 creatures vanquished.

Grand Total: 235 creatures vanquished

Notes
Turn   | Place    | Note
-------+----------+-------------------------------------------
     0 | D:1      | qw the Tengu Warper began the quest for the Orb.
     0 | D:1      | Reached XP level 1. HP: 12/12 MP: 4/4
     0 | D:1      | 0 ||| qw: Version: 0.1-a-89-g26bdef1
     0 | D:1      | 0 ||| qw: Game counter: 1041
     0 | D:1      | 0 ||| qw: Always use a shield: true
     0 | D:1      | 0 ||| qw: God list: Okawaru
     0 | D:1      | 0 ||| qw: Allow faded altars: false
     0 | D:1      | 0 ||| qw: Do Orc after D:15 true
     0 | D:1      | 0 ||| qw: Do second Lair branch before Depths: true
     0 | D:1      | 0 ||| qw: Lair rune preference: random
     0 | D:1      | 0 ||| qw: Plans: Normal
     0 | D:1      | 0 ||| PLANNING D:1-11
    35 | D:1      | Reached skill level 3 in Axes
    35 | D:1      | Reached XP level 2. HP: 13/17 MP: 6/6
   251 | D:1      | 251 ||| Stepping ~*~*~tactically~*~*~ (hiding).
   353 | D:1      | 353 ||| Stepping ~*~*~tactically~*~*~ (hiding).
   659 | D:1      | 659 ||| Stepping ~*~*~tactically~*~*~ (stealth).
   664 | D:1      | Reached XP level 3. HP: 21/21 MP: 7/7
   683 | D:1      | Reached skill level 4 in Axes
   686 | D:1      | 686 ||| Stepping ~*~*~tactically~*~*~ (stealth).
   845 | D:1      | 845 ||| Stepping ~*~*~tactically~*~*~ (stealth).
   929 | D:1      | Found a faded altar of an unknown god.
   970 | D:1      | 970 ||| Stepping ~*~*~tactically~*~*~ (stealth).
  1110 | D:1      | 1110 ||| UPGRADING to +0 chain mail.
  1120 | D:1      | 1120 ||| DROPPING +0 leather armour.
  1121 | D:1      | 1121 ||| READING scroll labelled KACSAXINNO.
  1126 | D:1      | 1126 ||| READING 4 scrolls labelled DYGOWU BENIEL.
  1127 | D:1      | 1127 ||| READING 2 scrolls labelled ILEWKE AFFUIF.
  1128 | D:1      | 1128 ||| READING scroll of enchant weapon.
  1128 | D:1      | 1128 ||| ENCHANTING +1 hand axe.
  1129 | D:1      | 1129 ||| READING scroll labelled PEDDAI VAMOYL.
  1130 | D:1      | 1130 ||| READING 2 scrolls labelled CITESCH GE QENU.
  1131 | D:1      | 1131 ||| DRINKING 2 amethyst potions.
  1132 | D:1      | 1132 ||| DROPPING scroll of blinking.
  1133 | D:1      | 1133 ||| DROPPING 3 scrolls of magic mapping.
  1134 | D:1      | 1134 ||| DROPPING potion of degeneration.
  1342 | D:2      | Identified the +1 spear of Yredelemnul's Respect {spect,
                  | Drain rC+ rN+++ Str-2}
  1378 | D:2      | Identified the +3 ring mail "Tecyuxynath" {Dex+2}
  1418 | D:2      | Reached XP level 4. HP: 25/26 MP: 8/8
  1783 | D:2      | 1783 ||| Stepping ~*~*~tactically~*~*~ (stealth).
  1794 | D:2      | Reached skill level 5 in Axes
  1864 | D:2      | 1864 ||| Stepping ~*~*~tactically~*~*~ (stealth).
  1871 | D:2      | 1871 ||| Stepping ~*~*~tactically~*~*~ (hiding).
  2116 | D:2      | 2116 ||| DROPPING +3 ring mail "Tecyuxynath" {Dex+2}.
  2117 | D:2      | 2117 ||| DROPPING ring of flight.
  2118 | D:2      | 2118 ||| READING scroll labelled MUFROI HIUCEYL.
  2119 | D:2      | 2119 ||| READING scroll labelled MEAZU BAYQAU.
  2265 | D:2      | 2265 ||| READING scroll labelled GEUXAREUPN.
  2266 | D:2      | 2266 ||| READING scroll labelled XEZISOWUYS.
  2266 | D:2      | Identified a scroll of acquirement
  2266 | D:2      | 2266 ||| ACQUIRING ring of willpower
  2266 | D:2      | Acquired a ring of willpower
  2268 | D:2      | 2268 ||| UPGRADING to ring of willpower.
  2269 | D:2      | 2269 ||| READING 2 scrolls of identify.
  2269 | D:2      | 2269 ||| IDENTIFYING pink potion
  2270 | D:2      | 2270 ||| DROPPING potion of flight.
  2305 | D:3      | 2305 ||| Stepping ~*~*~tactically~*~*~ (stealth).
  2321 | D:3      | 2321 ||| Stepping ~*~*~tactically~*~*~ (hiding).
  2351 | D:3      | Identified the +7 war axe "Inyb" {drain, rElec Str+3}
  2353 | D:3      | 2353 ||| SWAPPING to +7 war axe "Inyb" {drain, rElec
                  | Str+3}.
  2354 | D:3      | 2354 ||| DROPPING +2 hand axe.
  2432 | D:3      | 2432 ||| FLEEEEING.
  2433 | D:3      | 2433 ||| FLEEEEING.
  2434 | D:3      | 2434 ||| FLEEEEING.
  2435 | D:3      | 2435 ||| FLEEEEING.
  2436 | D:3      | 2436 ||| FLEEEEING.
  2437 | D:3      | 2437 ||| FLEEEEING.
  2438 | D:3      | 2438 ||| FLEEEEING.
  2439 | D:3      | 2439 ||| FLEEEEING.
  2440 | D:3      | 2440 ||| STAIRDANCE
  2645 | D:3      | 2645 ||| DROPPING +0 mace.
  2646 | D:3      | 2646 ||| DROPPING +0 club.
  2759 | D:3      | 2759 ||| DRINKING 3 fuming white potions.
  2760 | D:3      | 2760 ||| READING 2 scrolls of identify.
  2760 | D:3      | 2760 ||| IDENTIFYING lumpy yellow potion
  2888 | D:4      | Noticed a bullfrog
  2893 | D:4      | Killed a bullfrog
  2894 | D:4      | Reached skill level 6 in Axes
  2894 | D:4      | Gained mutation: Your magical nature lets you fly swiftly
                  | and evasively. [Tengu growth]
  2894 | D:4      | Reached XP level 5. HP: 29/30 MP: 9/9
  2947 | D:4      | Found a sparkling altar of Nemelex Xobeh.
  3033 | D:4      | Reached XP level 6. HP: 26/35 MP: 10/10
  3244 | D:4      | 3244 ||| Stepping ~*~*~tactically~*~*~ (stealth).
  3365 | D:4      | 3365 ||| Stepping ~*~*~tactically~*~*~ (stealth).
  3366 | D:4      | 3366 ||| Stepping ~*~*~tactically~*~*~ (stealth).
  3367 | D:4      | 3367 ||| Stepping ~*~*~tactically~*~*~ (stealth).
  3565 | D:4      | Found a radiant altar of Vehumet.
  3863 | D:4      | 3863 ||| UPGRADING to +4 ring of evasion.
  3864 | D:4      | 3864 ||| READING 2 scrolls labelled NANGAK ABEOP.
  3865 | D:4      | 3865 ||| READING scroll labelled HABAUF ROATU.
  3866 | D:4      | 3866 ||| DRINKING 4 yellow potions.
  3867 | D:4      | 3867 ||| READING 2 scrolls of identify.
  3867 | D:4      | 3867 ||| IDENTIFYING clear potion
  3868 | D:4      | 3868 ||| DROPPING scroll of fear.
  3923 | D:4      | 3923 ||| READING scroll of teleportation.
  3924 | D:4      | 3924 ||| STAIRDANCE
  3958 | D:5      | Entered Level 5 of the Dungeon
  3987 | D:5      | Reached skill level 7 in Axes
  4029 | D:5      | Found a burning altar of Makhleb.
  4032 | D:5      | 4032 ||| Stepping randomly (stuck).
  4033 | D:5      | 4033 ||| Stepping randomly (stuck).
  4034 | D:5      | 4034 ||| Stepping randomly (stuck).
  4110 | D:5      | 4110 ||| Stepping ~*~*~tactically~*~*~ (hiding).
  4111 | D:5      | 4111 ||| Stepping ~*~*~tactically~*~*~ (hiding).
  4237 | D:5      | Reached skill level 3 in Fighting
  4237 | D:5      | Reached XP level 7. HP: 41/41 MP: 11/11
  4709 | D:5      | 4709 ||| Stepping ~*~*~tactically~*~*~ (hiding).
  4742 | D:5      | 4742 ||| Stepping ~*~*~tactically~*~*~ (stealth).
  4852 | D:5      | Reached skill level 8 in Axes
  4970 | D:5      | Found a staircase to the Ecumenical Temple.
  4971 | D:5      | 4971 ||| PLANNING TEMPLE
  4971 | D:5      | 4971 ||| READING scroll labelled OCIOD DUORAPORPH.
  4972 | D:5      | 4972 ||| DRINKING 2 fizzy emerald potions.
  4973 | D:5      | 4973 ||| READING 2 scrolls of identify.
  4973 | D:5      | 4973 ||| IDENTIFYING bubbling silvery potion
  4974 | D:5      | 4974 ||| DROPPING potion of lignification.
  4983 | Temple   | Entered the Ecumenical Temple
  5064 | Temple   | Became a worshipper of Warmaster Okawaru
  5192 | Temple   | 5192 ||| PLANNING D:1-11
  5302 | D:4      | 5302 ||| READING 2 scrolls of teleportation.
  5472 | D:6      | 5472 ||| Stepping ~*~*~tactically~*~*~ (stealth).
  6093 | D:6      | Reached skill level 9 in Axes
  6093 | D:6      | Reached XP level 8. HP: 31/46 MP: 12/12
  6660 | D:6      | 6660 ||| READING scroll labelled MATECU YDEI.
  6661 | D:6      | 6661 ||| READING scroll labelled FAOGHE KALLOMA.
  6662 | D:6      | 6662 ||| READING 3 scrolls of identify.
  6662 | D:6      | 6662 ||| IDENTIFYING grey potion
  6663 | D:6      | 6663 ||| READING 2 scrolls of identify.
  6663 | D:6      | 6663 ||| IDENTIFYING coppery potion
  6664 | D:6      | 6664 ||| DROPPING potion of brilliance.
  6774 | D:7      | Reached skill level 3 in Armour
  6826 | D:7      | 6826 ||| Stepping ~*~*~tactically~*~*~ (hiding).
  6831 | D:7      | Reached * piety under Okawaru
  6832 | D:7      | 6832 ||| INVOKING Heroism.
  6833 | D:7      | 6833 ||| INVOKING Heroism.
  6862 | D:7      | 6862 ||| INVOKING Heroism.
  6863 | D:7      | 6863 ||| INVOKING Heroism.
  6957 | D:7      | 6957 ||| Stepping ~*~*~tactically~*~*~ (stealth).
  7011 | D:7      | Noticed a deep elf zephyrmancer
  7016 | D:7      | Killed a deep elf zephyrmancer
  7016 | D:7      | Reached ** piety under Okawaru
  7017 | D:7      | Reached skill level 10 in Axes
  7017 | D:7      | Reached skill level 3 in Invocations
  7092 | D:7      | 7092 ||| Stepping ~*~*~tactically~*~*~ (stealth).
  7097 | D:7      | Reached XP level 9. HP: 52/52 MP: 13/13
  7099 | D:7      | Reached skill level 3 in Dodging
  7252 | D:7      | 7252 ||| INVOKING Heroism.
  7559 | D:7      | 7559 ||| INVOKING Heroism.
  7561 | D:7      | 7561 ||| FLEEEEING.
  7562 | D:7      | 7562 ||| FLEEEEING.
  7563 | D:7      | 7563 ||| FLEEEEING.
  7564 | D:7      | 7564 ||| FLEEEEING.
  7565 | D:7      | 7565 ||| FLEEEEING.
  7566 | D:7      | 7566 ||| FLEEEEING.
  7567 | D:7      | 7567 ||| FLEEEEING.
  7568 | D:7      | 7568 ||| FLEEEEING.
  7569 | D:7      | 7569 ||| FLEEEEING.
  7847 | D:7      | Found a hide-covered altar of Uskayaw.
  7965 | D:7      | 7965 ||| Stepping ~*~*~tactically~*~*~ (hiding).
  7966 | D:7      | 7966 ||| Stepping ~*~*~tactically~*~*~ (hiding).
  7967 | D:7      | 7967 ||| Stepping ~*~*~tactically~*~*~ (hiding).
  7971 | D:7      | 7971 ||| INVOKING Heroism.
  7993 | D:7      | 7993 ||| UPGRADING to ring of protection from cold.
  7995 | D:7      | 7995 ||| READING 2 scrolls of identify.
  7995 | D:7      | 7995 ||| IDENTIFYING fizzy blue potion
  8034 | D:8      | 8034 ||| INVOKING Heroism.
  8050 | D:8      | 8050 ||| INVOKING Heroism.
  8060 | D:8      | HP: 11/54 [something (3)]
  8061 | D:8      | 8061 ||| READING scroll of teleportation.
  8062 | D:8      | 8062 ||| DRINKING 2 potions of heal wounds.
  8168 | D:8      | 8168 ||| Invisible monster not found???
  8179 | D:8      | 8179 ||| Stepping ~*~*~tactically~*~*~ (stealth).
  8181 | D:8      | 8181 ||| INVOKING Heroism.
  8186 | D:8      | 8186 ||| DRINKING 6 potions of curing.
  8186 | D:8      | 8186 ||| (to cure confusion)
  8188 | D:8      | Reached skill level 11 in Axes
  8295 | D:8      | 8295 ||| INVOKING Heroism.
  8393 | D:8      | Found a staircase to the Lair.
  8401 | D:8      | 8401 ||| INVOKING Heroism.
  8450 | D:8      | 8450 ||| INVOKING Heroism.
  8520 | D:8      | 8520 ||| INVOKING Heroism.
  8535 | D:8      | 8535 ||| INVOKING Heroism.
  8937 | D:8      | 8937 ||| INVOKING Heroism.
  9115 | D:8      | 9115 ||| PLANNING LAIR
  9115 | D:8      | 9115 ||| DROPPING ring of willpower.
  9116 | D:8      | 9116 ||| READING 2 scrolls of identify.
  9116 | D:8      | 9116 ||| IDENTIFYING bubbling black potion
  9117 | D:8      | 9117 ||| DROPPING potion of berserk rage.
  9129 | Lair:1   | Entered Level 1 of the Lair of Beasts
  9181 | Lair:1   | Noticed a komodo dragon
  9182 | Lair:1   | 9182 ||| INVOKING Heroism.
  9186 | Lair:1   | Killed a komodo dragon
  9187 | Lair:1   | Reached skill level 12 in Axes
  9192 | Lair:1   | 9192 ||| Stepping ~*~*~tactically~*~*~ (stealth).
  9199 | Lair:1   | Reached XP level 10. HP: 52/59 MP: 14/14
  9207 | Lair:1   | 9207 ||| INVOKING Heroism.
  9214 | Lair:1   | Reached skill level 6 in Fighting
  9227 | Lair:1   | Reached *** piety under Okawaru
  9288 | Lair:1   | Noticed a black mamba
  9289 | Lair:1   | 9289 ||| INVOKING Heroism.
  9290 | Lair:1   | 9290 ||| Stepping ~*~*~tactically~*~*~ (hiding).
  9294 | Lair:1   | Killed a black mamba
  9296 | Lair:1   | 9296 ||| DRINKING 2 potions of cancellation.
  9311 | Lair:1   | Reached skill level 3 in Throwing
  9492 | Lair:1   | 9492 ||| INVOKING Heroism.
  9573 | Lair:1   | 9573 ||| INVOKING Heroism.
  9581 | Lair:1   | Reached skill level 13 in Axes
  9754 | Lair:1   | 9754 ||| INVOKING Heroism.
  9974 | Lair:1   | 9974 ||| INVOKING Heroism.
  9979 | Lair:1   | Reached **** piety under Okawaru
  9986 | Lair:1   | Reached XP level 11. HP: 24/64 MP: 13/15
 10225 | Lair:1   | 10225 ||| INVOKING Heroism.
 10231 | Lair:1   | Reached skill level 14 in Axes
 10243 | Lair:1   | You are sucked into a shaft and drop 1 floor!
 10338 | Lair:2   | 10338 ||| Stepping ~*~*~tactically~*~*~ (stealth).
 10340 | Lair:2   | 10340 ||| Stepping ~*~*~tactically~*~*~ (stealth).
 10343 | Lair:2   | 10343 ||| Stepping ~*~*~tactically~*~*~ (stealth).
 10344 | Lair:2   | 10344 ||| Stepping ~*~*~tactically~*~*~ (stealth).
 10345 | Lair:2   | 10345 ||| Stepping ~*~*~tactically~*~*~ (stealth).
 10346 | Lair:2   | 10346 ||| Stepping ~*~*~tactically~*~*~ (stealth).
 10348 | Lair:2   | 10348 ||| Stepping ~*~*~tactically~*~*~ (stealth).
 10350 | Lair:2   | 10350 ||| INVOKING Heroism.
 10371 | Lair:2   | Received a gift from Okawaru
 10488 | Lair:2   | 10488 ||| DRINKING 3 purple potions.
 10489 | Lair:2   | 10489 ||| DRINKING 2 orange potions.
 10590 | Lair:2   | 10590 ||| READING 3 scrolls of identify.
 10590 | Lair:2   | 10590 ||| IDENTIFYING fizzy purple potion
 10591 | Lair:2   | 10591 ||| DROPPING 2 potions of attraction.
 10592 | Lair:2   | 10592 ||| DROPPING potion of ambrosia.
 10704 | Lair:1   | 10704 ||| INVOKING Heroism.
 10711 | Lair:1   | Reached skill level 6 in Invocations
 10796 | Lair:1   | Noticed an eight-headed hydra
 10797 | Lair:1   | 10797 ||| INVOKING Heroism.
 10800 | Lair:1   | 10800 ||| SWAPPING to +2 hand axe of flaming.
 10808 | Lair:1   | Killed a one-headed hydra
 10809 | Lair:1   | Reached skill level 6 in Armour
 10809 | Lair:1   | 10809 ||| SWAPPING to +7 war axe "Inyb" {drain, rElec
                  | Str+3}.
 11296 | Lair:1   | Noticed an oklob plant
 11297 | Lair:1   | 11297 ||| INVOKING Heroism.
 11310 | Lair:1   | Noticed an oklob plant
 11310 | Lair:1   | Noticed an oklob plant
 11327 | Lair:1   | 11327 ||| DRINKING potion of cancellation.
 11329 | Lair:1   | 11329 ||| INVOKING Heroism.
 11343 | Lair:1   | Killed an oklob plant
 11343 | Lair:1   | Reached ***** piety under Okawaru
 11344 | Lair:1   | 11344 ||| INVOKING Finesse.
 11345 | Lair:1   | 11345 ||| INVOKING Finesse.
 11346 | Lair:1   | HP: 11/67 [oklob plant/splash of acid (29)]
 11347 | Lair:1   | 11347 ||| READING 2 scrolls of teleportation.
 11348 | Lair:1   | 11348 ||| DRINKING potion of heal wounds.
 11581 | Lair:1   | 11581 ||| INVOKING Heroism.
 11582 | Lair:1   | HP: 10/67 [oklob plant/splash of acid (29)]
 11583 | Lair:1   | 11583 ||| READING scroll of teleportation.
 11583 | Lair:1   | Killed from afar by an oklob plant

Levels and vault maps discovered:
D:1:      amcnicky_arrival_double_pillar, layout_rooms,
          shapermc_ecumenical_altar_flowoftime, minmay_small_reverse_x
D:2:      layout_loops_cross
D:3:      layout_rooms, corexii_shack
D:4:      layout_basic, kennysheep_little_box, nicolae_overflow_hidden_temple
D:5:      layout_loops_ring, amcnicky_altar_gilded, temple_hall,
          kennysheep_generic_room_10
D:6:      layout_layer_cave
D:7:      layout_rooms, mainiacjoe_overflow_alcove_2, serial_undead,
          serial_undead_c, serial_undead_a, serial_undead_c, serial_undead_d,
          guppyfry_early_elven_hall
D:8:      layout_basic, lair_entry_dummy, serial_bayou, serial_bayou_shore_a,
          serial_bayou_crossing, serial_bayou_shore_b, serial_bayou_pond_e,
          serial_bayou_ford_a, serial_bayou_pond_a
Temple:   nicolae_temple_figure_eight
Lair:1:   minmay_lair_oklob_chamber, layout_hall_layers,
          chequers_serial_rivers_micro_d, beast_lair_carwin_10
Lair:2:   layout_roguey, skrybe_swamp_entry_bodies, dummy_spider_entry,
          uniq_amaemon

Skill      XL: |  1  2  3  4  5  6  7  8  9 10 11 |
---------------+----------------------------------+-----
Axes           | 3 4 6 7 9 10 12 13 14 | 14.0
Armour         | 2 3 4 5 6 |  6.0
Fighting       | 3 4 5 6 7 |  7.0
Invocations    | 3 4 6 |  6.6
Dodging        | 4 5 |  5.0
Throwing       | 3 |  3.8
Spellcasting   | |  2.0
Translocations | |  2.4

Action                   |  1- 3 |  4- 6 |  7- 9 | 10-12 || total
-------------------------+-------+-------+-------+-------++-------
Melee: Hand axe          |    83 |    52 |       |     7 ||   142
       Kick              |    17 |    18 |    38 |    35 ||   108
       Peck              |     9 |     7 |    20 |    32 ||    68
       Punch             |     1 |       |     1 |     4 ||     6
       War axe           |       |    51 |   158 |   114 ||   323
Throw: Boomerang         |     7 |    24 |    55 |    23 ||   109
       Javelin           |       |       |     3 |    10 ||    13
Invok: Heroism           |       |       |    15 |    13 ||    28
       Finesse           |       |       |       |     1 ||     1
  Use: Scroll            |     6 |    10 |    10 |     3 ||    29
       Potion            |     1 |     2 |     3 |     5 ||    11
Armor: Leather armour    |    10 |       |       |       ||    10
       Chain mail        |     8 |    67 |    47 |    12 ||   134
Dodge: Dodged            |    41 |    31 |    87 |    45 ||   204

Table legend:
 A = Non-vault XP
 B = Vault XP
 C = Vault XP percentage of total XP
 D = Non-vault monster count
 E = Vault monster count
 F = Vault count percentage of total count
                 A         B        C        D         E       F
            +---------+---------+-------+---------+---------+-------
      Total |   10354 |    4484 |  30.2 |     197 |      22 |  10.0
            +---------+---------+-------+---------+---------+-------
        D:1 |      53 |       7 |  11.7 |      31 |       4 |  11.4
        D:2 |      58 |       0 |   0.0 |      19 |       0 |   0.0
        D:3 |      29 |       3 |   9.4 |      15 |       1 |   6.2
        D:4 |     321 |       0 |   0.0 |      18 |       0 |   0.0
        D:5 |     443 |       0 |   0.0 |      24 |       0 |   0.0
        D:6 |     346 |       0 |   0.0 |      21 |       0 |   0.0
        D:7 |     789 |     910 |  53.6 |      17 |       6 |  26.1
        D:8 |    1200 |       0 |   0.0 |      23 |       0 |   0.0
     Lair:1 |    4417 |    3564 |  44.7 |      17 |      11 |  39.3
     Lair:2 |    2698 |       0 |   0.0 |      12 |       0 |   0.0
            +---------+---------+-------+---------+---------+-------
